 Dungeon Crawl Stone Soup version 0.19-a0-1065-gdac414d (webtiles) character file.

95 HAL9000 the Shield-Bearer (level 4, 0/40 HPs)
             Began as a Minotaur Fighter on Aug 3, 2016.
             Succumbed to crawlian's ghost's poison
             ... on level 4 of the Dungeon.
             The game lasted 00:02:22 (2522 turns).

HAL9000 the Shield-Bearer (Minotaur Fighter)        Turns: 2522, Time: 00:02:23

Health: 0/40       AC: 11    Str: 20    XL:     4   Next: 40%
Magic:  3/3        EV:  4    Int:  5    God:
Gold:   256        SH:  9    Dex: 11    Spells: 0 memorised, 3 levels left

rFire  . . .     SeeInvis .     a - +0 long sword
rCold  . . .     Gourm    .     w - +0 plate armour
rNeg   . . .     Faith    .     c - +0 shield
rPois  .         Spirit   .     (helmet restricted)
rElec  .         Dismiss  +     (no cloak)
rCorr  .         Reflect  .     (no gloves)
SustAt .         Harm     .     (no boots)
MR     .....                    t - amulet of dismissal
Stlth  ..........               (no ring)
                                n - ring of loudness (curse)

@: lethally poisoned (0 -> -5), liquid flames, glowing
A: retaliatory headbutt, horns 2
a: no special abilities


You were on level 4 of the Dungeon.
You were very hungry.

You visited 1 branch of the dungeon, and saw 4 of its levels.

You collected 256 gold pieces.

Inventory:

Hand Weapons
 a - a +0 long sword (weapon)
Armour
 b - a +0 scale mail
 c - a +0 shield (worn)
 w - a +0 plate armour (worn)
Jewellery
 n - a cursed ring of loudness (left hand)
 t - an amulet of dismissal (around neck)
Scrolls
 i - 3 scrolls of random uselessness {unknown}
 k - a scroll of magic mapping {unknown}
 l - a scroll of recharging {unknown}
 m - 2 scrolls of teleportation {unknown}
 p - a scroll of enchant armour {unknown}
 q - 3 scrolls of identify {unknown}
 v - a scroll of noise {unknown}
Potions
 d - a potion of might
 h - 3 potions of curing
 o - a potion of degeneration {unknown}
 s - a potion of berserk rage {unknown}
 u - a potion of cancellation {unknown}
 x - a potion of mutation {unknown}
 B - a potion of brilliance {unknown}
Comestibles
 f - 2 bread rations
 g - 2 beef jerkies
 j - 2 royal jellies
 r - 3 meat rations
 A - 3 fruits


   Skills:
 + Level 3.9 Fighting
 * Level 3.9 Long Blades
 + Level 4.3 Armour
 + Level 4.6 Shields


You had 3 spell levels left.
You didn't know any spells.

Dungeon Overview and Level Annotations

Branches:
Dungeon (4/15)
 Temple: D:4-7

Altars:
The Shining One

Annotations:
D:4 crawlian's ghost, amateur DEFE


Innate Abilities, Weirdness & Mutations

You reflexively headbutt those who attack you in melee.
You have a pair of horns on your head.


Message History

You are more poisoned.
It was a potion of curing.
You feel better. You block crawlian's ghost's attack.
Unknown command.
Your shield and plate armour prevent you from hitting crawlian's ghost.
Crawlian's ghost is severely damaged.
Crawlian's ghost sprays you with burning goo.
The sticky flame hits you!
You are covered in liquid flames!
You hit crawlian's ghost.
Crawlian's ghost is severely damaged.
You are covered in liquid flames!
* * * LOW HITPOINT WARNING * * *
Crawlian's ghost hits you but does no damage.
You are poisoned.
You closely miss crawlian's ghost. You headbutt crawlian's ghost!
Crawlian's ghost is almost destroyed.
You are covered in liquid flames!
* * * LOW HITPOINT WARNING * * *
You die...

#........?#
#.........#
#.........#
#.........#
####.........#
#..W.........#
#.##.........#.####
#..########........
##@W# #.†...###
##<# #.....# #.#
#.....# #.. ###...#
###. .#... ..
..##.# .. #.# .#
...


You could see crawlian's ghost.

Vanquished Creatures
  An iguana (D:4)
  3 adders
  An ooze (D:2)
  2 dart slugs
  A giant gecko (D:1)
  An orc (D:3)
  2 giant cockroaches (D:2)
  4 hobgoblins
  6 bats
  A giant newt (D:2)
  8 goblins
  2 kobolds
  4 rats
36 creatures vanquished.

Notes
Turn   | Place    | Note
-------+----------+-------------------------------------------
     0 | D:1      | HAL9000 the Minotaur Fighter began the quest for the Orb.
     0 | D:1      | Reached XP level 1. HP: 19/19 MP: 0/0
   645 | D:1      | Reached XP level 2. HP: 24/27 MP: 1/1
   915 | D:2      | Reached XP level 3. HP: 33/33 MP: 2/2
  1680 | D:3      | Found a glowing golden altar of the Shining One.
  1974 | D:3      | Reached XP level 4. HP: 40/40 MP: 3/3
  2269 | D:4      | Noticed crawlian's ghost (amateur DEFE)
  2522 | D:4      | HP: 1/40 [burnt (6)]
  2522 | D:4      | Succumbed to crawlian's ghost's poison

Vault maps used:
D:1:      dpeg_arrival_ternary
D:3:      lemuel_crystal_altar, first_bread
D:4:      serial_shops, kennysheep_little_box, minmay_misc_feat_four_crosses,
          minmay_statues_item

Skill      XL: |  1  2 |
---------------+-------+-----
Long Blades    | 3 |  3.9
Shields        | 4 |  4.6
Armour         | 4 |  4.3
Fighting       | |  3.9

Action                   |  1- 3 |  4- 6 || total
-------------------------+-------+-------++-------
Melee: Long sword        |    91 |    29 ||   120
       Headbutt          |     7 |     5 ||    12
  Use: Potion            |       |     1 ||     1
  Eat: Chunk             |     2 |     2 ||     4
Armor: Scale mail        |    26 |       ||    26
       Plate armour      |    18 |    16 ||    34
Dodge: Dodged            |    24 |     1 ||    25
Block: Shield            |    48 |     9 ||    57
